 Dungeon Crawl Stone Soup version 0.22-a0-240-g539252a (webtiles) character file.

19 tidbits the Insei (level 2, 3/23 HPs)
             Began as a Gnoll Transmuter on Feb 21, 2018.
             Was an Initiate of Cheibriados.
             Quit the game on level 2 of the Dungeon.
             The game lasted 00:01:56 (250 turns).

tidbits the Insei (Gnoll Transmuter)                 Turns: 250, Time: 00:01:56

Health: 3/23       AC:  2    Str: 13    XL:     2   Next: 75%
Magic:  4/7        EV: 15    Int: 16    God:    Cheibriados [......]
Gold:   10         SH:  0    Dex: 16    Spells: 7/10 levels left

rFire    . . .     SeeInvis .     - Unarmed
rCold    . . .     Gourm    .   (no shield)
rNeg     . . .     Faith    .   b - +0 robe
rPois    .         Spirit   .   (no helmet)
rElec    .         Reflect  .   (no cloak)
rCorr    .         Harm     .   (no gloves)
MR       .....                  (boots currently unavailable)
Stlth    ++........             (no amulet)
HPRegen  0.07/turn              (no ring)
MPRegen  0.10/turn              (no ring)

@: lethally poisoned (3 -> -7), appendage, flying, very slow
A: distributed training, fangs 1, talons 3, strong nose
a: End Transformation, Bend Time, Renounce Religion


You were on level 2 of the Dungeon.
You worshipped Cheibriados.
Cheibriados was noncommittal.
You were full.
You had grown temporary talons.
You visited 1 branch of the dungeon, and saw 2 of its levels.

You collected 10 gold pieces.

Inventory:

Hand Weapons
 i - a +0 dagger
Missiles
 a - 11 arrows
Armour
 b - a +0 robe (worn)
Scrolls
 d - 4 scrolls of identify {unknown}
 e - 3 scrolls of remove curse {unknown}
 f - a scroll of amnesia {unknown}
 g - a scroll of random uselessness {unknown}
Potions
 j - a potion of flight
Comestibles
 c - 4 rations


   Skills:
 + Level 2.5 Fighting
 + Level 0.5 Short Blades
 + Level 0.5 Long Blades
 + Level 0.5 Axes
 + Level 0.5 Maces & Flails
 + Level 0.5 Polearms
 + Level 0.5 Staves
 + Level 0.5 Slings
 + Level 0.5 Bows
 + Level 0.5 Crossbows
 + Level 0.5 Throwing
 + Level 0.5 Armour
 + Level 4.5 Dodging
 + Level 0.5 Stealth
 + Level 0.5 Shields
 + Level 6.5 Unarmed Combat
 + Level 4.9 Spellcasting
 + Level 0.3 Conjurations
 + Level 0.3 Hexes
 + Level 0.3 Charms
 + Level 0.3 Summonings
 + Level 0.3 Necromancy
 + Level 0.3 Translocations
 + Level 3.7 Transmutations
 + Level 0.3 Fire Magic
 + Level 0.3 Ice Magic
 + Level 0.3 Air Magic
 + Level 0.3 Earth Magic
 + Level 0.3 Poison Magic
 + Level 0.6 Invocations
 + Level 0.5 Evocations


You had 7 spell levels left.
You knew the following spells:

 Your Spells              Type           Power        Failure   Level  Hunger
e - Beastly Appendage     Tmut           ###...       3%          1    None
k - Sticks to Snakes      Tmut           ###.....     4%          2    ##.....


Dungeon Overview and Level Annotations

Branches:
Dungeon (2/15)

Altars:
Cheibriados


Innate Abilities, Weirdness & Mutations

Your experience applies equally to all skills.
You have very sharp teeth.
Your uncanny sense of smell can sniff out nearby items.
You have claws for feet.


Message History

Moving in this stuff is going to be slow.
Found a snail-covered altar of Cheibriados.
You see here a dart slug corpse.
There is a snail-covered altar of Cheibriados here.
You kneel at the altar of Cheibriados.
Cheibriados welcomes you!
Cheibriados begins to support your attributes as your movement slows.
You can now bend time to slow others.
You enter the shallow water.
Moving in this stuff is going to be slow.
You see here a dart slug corpse.
A bat comes into view.
You see here a metallic emerald potion.
j - a metallic emerald potion You hit the bat.
You kill the bat!
Cheibriados thoroughly appreciates the change of pace.
Your transformation is almost over.
A giant cockroach comes into view.
Casting: Beastly Appendage (safe; 3% risk of failure)
Confirm with . or Enter, or press ? or * to list all spells.
You extend your transformation's duration.
The giant cockroach misses you.
You barely miss the giant cockroach.
The giant cockroach bites you but does no damage.
The giant cockroach closely misses you.
You closely miss the giant cockroach.
The giant cockroach bites you but does no damage.
You hit the giant cockroach.
The giant cockroach is heavily wounded.
The giant cockroach barely misses you.
You closely miss the giant cockroach.
The giant cockroach is heavily wounded.
The giant cockroach closely misses you.
You barely miss the giant cockroach.
The giant cockroach is heavily wounded.
The giant cockroach misses you.
You hit the giant cockroach.
You kill the giant cockroach!
Cheibriados appreciates the change of pace.
A kobold comes into view. It is wielding a dagger.
The kobold shouts!
The kobold throws a stone.
The stone completely misses you.
Found 10 gold pieces.
The kobold throws a stone.
The stone closely misses you.
You closely miss the kobold. You hit the kobold.
The kobold is moderately wounded.
The kobold hits you with a dagger.
You closely miss the kobold. You bite the kobold, but do no damage.
The kobold is moderately wounded.
The kobold hits you with a dagger.
You hit the kobold.
You kill the kobold!
Cheibriados thoroughly appreciates the change of pace.
Things that are here:
a dagger; 10 gold pieces You now have 10 gold pieces.
Your transformation is almost over.
Your talons disappear.
A worker ant comes into view.
Found a metallic emerald potion.
You see here a metallic emerald potion.
j - 2 metallic emerald potions (gained 1)
The worker ant twitches its antennae in your direction.
The worker ant waves its antennae.
Casting: Beastly Appendage (safe; 3% risk of failure)
Confirm with . or Enter, or press ? or * to list all spells.
Your feet morph into talons.
The worker ant bites you. x2
* * * LOW HITPOINT WARNING * * *
You are poisoned.
The worker ant poisons you!
Casting: Beastly Appendage (safe; 3% risk of failure)
Confirm with . or Enter, or press ? or * to list all spells.
You create a snake!
You now have 11 arrows.
You feel sick. The worker ant barely misses you.
You feel sick.
Your ball python bites the worker ant but does no damage.
Your ball python barely misses the worker ant.
The worker ant bites you.
* * * LOW HITPOINT WARNING * * *
You are more poisoned.
The worker ant poisons you!
It was a potion of flight.
You feel very buoyant.
You fly up into the air.
* * * LOW HITPOINT WARNING * * *
You feel sick.
Your ball python bites the worker ant but does no damage.
Your ball python grabs the worker ant.
Your ball python constricts the worker ant.
The worker ant bites you but does no damage.
It was a potion of curing.
You feel better.
Your ball python bites the worker ant.
Your ball python constricts the worker ant.
The worker ant bites you.
* * * LOW HITPOINT WARNING * * *
You are lethally poisoned!
The worker ant poisons you!
Are you sure you want to abandon this character and quit the game? (Confirm with "yes".)

#.≈≈≈....######
##............#
##.....#####.
####.## #.# #.#
#.#
############.#
#.(...@S.....#
#.....a#######
#.####.# #)#
#.# ........#
#.# ........#
#.#########
#########
#...a......
###########


You could see a worker ant and a friendly ball python.

Vanquished Creatures
  A dart slug (D:2)
  2 bats
  3 giant cockroaches
  A goblin (D:1)
  A hobgoblin (D:1)
  3 jackals (D:1)
  A kobold (D:2)
  A frilled lizard (D:1)
  2 rats (D:1)
15 creatures vanquished.

Notes
Turn   | Place    | Note
-------+----------+-------------------------------------------
     0 | D:1      | tidbits the Gnoll Transmuter began the quest for the Orb.
     0 | D:1      | Reached XP level 1. HP: 17/17 MP: 6/6
    41 | D:1      | Reached XP level 2. HP: 23/23 MP: 5/7
    45 | D:1      | Learned a level 2 spell: Sticks to Snakes
   185 | D:2      | Found a snail-covered altar of Cheibriados.
   187 | D:2      | Became a worshipper of Cheibriados the Contemplative
   250 | D:2      | Quit the game

Vault maps used:
D:1:      dpeg_arrival_boxorama
D:2:      kennysheep_slug_shrine

Action                   || total
-------------------------++-------
Melee: Unarmed           ||    31
       Kick              ||     5
       Bite              ||     3
       Headbutt          ||     1
 Cast: Beastly Appendage ||     8
       Sticks to Snakes  ||     1
  Use: Potion            ||     2
  Eat: Ration            ||     1
Armor: Robe              ||     4
Dodge: Dodged            ||    15

Table legend:
 A = Spawn XP
 B = Non-spawn XP
 C = Spawn XP percentage of total XP
 D = Spawn monster count
 E = Non-spawn monster count
 F = Spawn count percentage of total count
 G = Total turns spent on level
                    A         B        C        D         E        F      G
               +---------+---------+-------+---------+---------+-------+---------
         Total |       0 |      28 |   0.0 |       0 |      15 |   0.0 |   250
               +---------+---------+-------+---------+---------+-------+---------
           D:1 |       0 |      19 |   0.0 |       0 |      11 |   0.0 |   168
           D:2 |       0 |       9 |   0.0 |       0 |       4 |   0.0 |    82
               +---------+---------+-------+---------+---------+-------+---------

Table legend:
 A = Turns spent in this place as a percentage of turns spent in the entire game.
 B = Non-inter-level travel turns spent in this place as a percentage of non-inter-level travel turns spent in the entire game.
 C = Inter-level travel turns spent in this place as a percentage of turns spent in this place.
 D = Turns resting spent in this place as a percentage of non-inter-level travel turns spent in this place.
 E = Turns spent auto-exploring this place as a percentage of non-inter-level travel turns spent in this place.
 F = Non-inter-level travel turns spent in this place divided by the number of levels of this place that you've seen.
                   A       B       C       D       E      F
               +-------+-------+-------+-------+-------+----------------------
         Total | 100.0 | 100.0 |   0.0 |   0.0 |   0.0 | 125.0
       Dungeon | 100.0 | 100.0 |   0.0 |   0.0 |   0.0 | 125.0
               +-------+-------+-------+-------+-------+----------------------

Table legend:
 A = Kills in this place as a percentage of kills in entire the game.
 B = Kills by you in this place as a percentage of kills by you in the entire game.
 C = Kills by friends in this place as a percentage of kills by friends in the entire game.
 D = Other kills in this place as a percentage of other kills in the entire game.
 E = Experience gained in this place as a percentage of experience gained in the entire game.
 F = Experience gained in this place divided by the number of levels of this place that you have seen.
                   A       B       C       D       E      F
               +-------+-------+-------+-------+-------+----------------------
         Total | 100.0 | 100.0 |   N/A |   N/A | 100.0 |  14.0
       Dungeon | 100.0 | 100.0 |   N/A |   N/A | 100.0 |  14.0
               +-------+-------+-------+-------+-------+----------------------

Vault maps used:
D:1:      dpeg_arrival_boxorama
D:2:      kennysheep_slug_shrine
